 Dungeon Crawl Stone Soup version 0.21.1-1-g345015f (webtiles) character file.

16 tidbits the Insei (level 2, -2/23 HPs)
             Began as a Gnoll Transmuter on Feb 10, 2018.
             Slain by Crazy Yiuf
             ... wielding a +2 quarterstaff of chaos
              (13 damage)
             ... on level 3 of the Dungeon.
             The game lasted 00:01:42 (173 turns).

tidbits the Insei (Gnoll Transmuter)                 Turns: 173, Time: 00:01:43

Health: -2/23      AC:  2    Str: 12    XL:     2   Next: 58%
Magic:  2/7        EV: 14    Int: 15    God:
Gold:   46         SH:  0    Dex: 15    Spells: 7/10 levels left

rFire    . . .     SeeInvis .     - Unarmed
rCold    . . .     Gourm    .   (no shield)
rNeg     . . .     Faith    .   b - +0 robe
rPois    .         Spirit   .   (no helmet)
rElec    .         Reflect  .   (no cloak)
rCorr    .         Harm     .   (no gloves)
MR       .....                  (no boots)
Stlth    ++........             (no amulet)
HPRegen  0.07/turn              (no ring)
MPRegen  0.10/turn              (no ring)

@: appendage, very slightly contaminated, slowed, very slow
A: distributed training, fangs 1, horns 2, strong nose
a: End Transformation


You were on level 3 of the Dungeon.
You were not hungry.
You had grown temporary horns.
You visited 1 branch of the dungeon, and saw 3 of its levels.

You collected 46 gold pieces.

Inventory:

Missiles
 a - 11 arrows
Armour
 b - a +0 robe (worn)
Scrolls
 e - a scroll of fog {unknown}
Books
 c - a book of Changes

   Spells                             Type                      Level
   a - Beastly Appendage              Transmutation                1
   b - Sticks to Snakes               Transmutation                2
   c - Spider Form                    Transmutation/Poison         3
   d - Ice Form                       Ice/Transmutation            4
   e - Blade Hands                    Transmutation                5
Comestibles
 d - 3 rations


   Skills:
 + Level 2.5 Fighting
 + Level 0.4 Short Blades
 + Level 0.4 Long Blades
 + Level 0.4 Axes
 + Level 0.4 Maces & Flails
 + Level 0.4 Polearms
 + Level 0.4 Staves
 + Level 0.4 Slings
 + Level 0.4 Bows
 + Level 0.4 Crossbows
 + Level 0.4 Throwing
 + Level 0.4 Armour
 + Level 4.5 Dodging
 + Level 0.4 Stealth
 + Level 0.4 Shields
 + Level 6.5 Unarmed Combat
 + Level 4.9 Spellcasting
 + Level 0.2 Conjurations
 + Level 0.2 Hexes
 + Level 0.2 Charms
 + Level 0.2 Summonings
 + Level 0.2 Necromancy
 + Level 0.2 Translocations
 + Level 3.7 Transmutations
 + Level 0.2 Fire Magic
 + Level 0.2 Ice Magic
 + Level 0.2 Air Magic
 + Level 0.2 Earth Magic
 + Level 0.2 Poison Magic
 + Level 0.5 Invocations
 + Level 0.4 Evocations


You had 7 spell levels left.
You knew the following spells:

 Your Spells              Type           Power        Failure   Level  Hunger
e - Beastly Appendage     Tmut           ##....       3%          1    None
k - Sticks to Snakes      Tmut           ##......     5%          2    ##.....


Dungeon Overview and Level Annotations

Branches:
Dungeon (3/15)

Altars:

Annotations:
D:3 Crazy Yiuf, Jessica


Innate Abilities, Weirdness & Mutations

Your experience applies equally to all skills.
You have very sharp teeth.
Your uncanny sense of smell can sniff out nearby items.
You have a pair of horns on your head.


Message History

You kill the hobgoblin!
The bat closely misses you.
You miss the bat. You bite the bat, but do no damage.
The bat closely misses you.
Casting: Beastly Appendage
Confirm with . or Enter, or press ? or * to list all spells.
You extend your transformation's duration.
The bat closely misses you.
You completely miss the bat. Your kick misses the bat. The bat misses you.
You closely miss the bat. The bat hits you but does no damage.
You open the door. The bat barely misses you.
Found 15 sling bullets.
The bat hits you but does no damage. The bat barely misses you.
Things that are here:
a club; a hobgoblin corpse The bat misses you.
The bat closely misses you. The bat barely misses you.
You see here a scroll labeled XAOWKO JIRIA.
e - a scroll labeled XAOWKO JIRIA The bat hits you.
The bat hits you.
You hit the bat.
You kill the bat!
Your transformation is almost over.
There is a stone staircase leading down here.
You climb downwards.
A frilled lizard and Jessica come into view.
Jessica is wielding a dagger of draining.
Found 14 bolts and a ration.
Found a stone staircase leading down.
There is a stone staircase leading up here.
Unknown command.
The frilled lizard hisses angrily.
A frilled lizard comes into view.
Casting: Beastly Appendage
Confirm with . or Enter, or press ? or * to list all spells.
You extend your transformation's duration.
The frilled lizard hisses angrily.
Your transformation is almost over.
You barely miss the frilled lizard. The frilled lizard misses you.
You hit the frilled lizard.
You kill the frilled lizard!
You hit the frilled lizard but do no damage.
You kill the frilled lizard!
An adder comes into view.
Casting: Beastly Appendage
Confirm with . or Enter, or press ? or * to list all spells.
You extend your transformation's duration.
The adder hisses angrily.
You punch the adder!
You kill the adder!
You have reached level 2!
Memorise Sticks to Snakes, consuming 2 spell levels and leaving 7?
You start memorising the spell.
You continue memorising. x2
You finish memorising.
Spell assigned to 'k'.
Your transformation is almost over.
A leopard gecko comes into view.
Your talons disappear.
The leopard gecko hisses angrily.
Casting: Beastly Appendage
Confirm with . or Enter, or press ? or * to list all spells.
You grow a pair of large bovine horns.
You hit the leopard gecko. You bite the leopard gecko.
The leopard gecko is severely wounded.
The leopard gecko misses you. The leopard gecko bites you.
You punch the leopard gecko!
You kill the leopard gecko!
You see here a leopard gecko corpse.
There is a shaft here.
Your transformation is almost over.
Your horns disappear.
Found a runed door.
Casting: Beastly Appendage
Confirm with . or Enter, or press ? or * to list all spells.
You grow a pair of large bovine horns.
You open the door.
Crazy Yiuf the Enlightened comes into view.
He is wielding a quarterstaff of chaos.
Crazy Yiuf shouts!
Found a mace.
There is an open door here.
Crazy Yiuf hits you with a quarterstaff of chaos!
You feel yourself slow down.
Casting: Beastly Appendage
Confirm with . or Enter, or press ? or * to list all spells.
You miscast Sticks to Snakes.
You are very lightly contaminated with residual magic.
Your skin glows momentarily.
Crazy Yiuf yells, "Cards pontify hand!"
Crazy Yiuf closely misses you.
Casting: Sticks to Snakes
Confirm with . or Enter, or press ? or * to list all spells.
You create a snake!
You now have 11 arrows.
Crazy Yiuf yells, "Leather!
Leather tea Hive."
Crazy Yiuf hits you with a quarterstaff of chaos.
Crazy Yiuf freezes you.
* * * LOW HITPOINT WARNING * * *
Crazy Yiuf hits you with a quarterstaff of chaos!
Ouch! That really hurt!
You die...

############# ##
#............ ..
#.###.###.## .. #.# #.#
.####.# ### #.# ...... #.#
#...(# ######## #.#####.#...
##.+..#.########
#.....†.<...
##......#..##@S.#
#.#####.#...
#......####.'g..# #.# #.##..
#...+.## ###..)# #.# #.# #.
#.##### ##### #.# #.# # #.#
#.# ..# #.# #.# ### #.#
###### #.###.#
#.#########..^.## ##†...#
#...........##..###.##......


You could see Crazy Yiuf and a friendly ball python.

Vanquished Creatures
  An adder (D:3)
  A leopard gecko (D:3)
  A bat (D:2)
  A hobgoblin (D:2)
  2 frilled lizards (D:3)
  A rat (D:2)
7 creatures vanquished.

Notes
Turn   | Place    | Note
-------+----------+-------------------------------------------
     0 | D:1      | tidbits the Gnoll Transmuter began the quest for the Orb.
     0 | D:1      | Reached XP level 1. HP: 17/17 MP: 6/6
    84 | D:3      | Noticed Jessica
   103 | D:3      | Reached XP level 2. HP: 23/23 MP: 5/7
   107 | D:3      | Learned a level 2 spell: Sticks to Snakes
   164 | D:3      | Found a runed door.
   169 | D:3      | Noticed Crazy Yiuf
   173 | D:3      | Slain by Crazy Yiuf

Action                   || total
-------------------------++-------
Melee: Unarmed           ||    15
       Kick              ||     5
       Bite              ||     2
 Cast: Beastly Appendage ||     7
       Sticks to Snakes  ||     1
Armor: Robe              ||     3
Dodge: Dodged            ||    17

Table legend:
 A = Turns spent in this place as a percentage of turns spent in the entire game.
 B = Non-inter-level travel turns spent in this place as a percentage of non-inter-level travel turns spent in the entire game.
 C = Inter-level travel turns spent in this place as a percentage of turns spent in this place.
 D = Turns resting spent in this place as a percentage of non-inter-level travel turns spent in this place.
 E = Turns spent auto-exploring this place as a percentage of non-inter-level travel turns spent in this place.
 F = Non-inter-level travel turns spent in this place divided by the number of levels of this place that you've seen.
                   A       B       C       D       E      F
               +-------+-------+-------+-------+-------+----------------------
         Total | 100.0 | 100.0 |   0.0 |   0.0 |   0.0 |  57.7
       Dungeon | 100.0 | 100.0 |   0.0 |   0.0 |   0.0 |  57.7
               +-------+-------+-------+-------+-------+----------------------

Table legend:
 A = Kills in this place as a percentage of kills in entire the game.
 B = Kills by you in this place as a percentage of kills by you in the entire game.
 C = Kills by friends in this place as a percentage of kills by friends in the entire game.
 D = Other kills in this place as a percentage of other kills in the entire game.
 E = Experience gained in this place as a percentage of experience gained in the entire game.
 F = Experience gained in this place divided by the number of levels of this place that you have seen.
                   A       B       C       D       E      F
               +-------+-------+-------+-------+-------+----------------------
         Total | 100.0 | 100.0 |   N/A |   N/A | 100.0 |   8.0
       Dungeon | 100.0 | 100.0 |   N/A |   N/A | 100.0 |   8.0
               +-------+-------+-------+-------+-------+----------------------

Vault maps used:
D:1:      ncdulo_watergridlock
D:2:      ashenzari_conservatory_becter, lemuel_blue_sif_altar, uniq_robin
D:3:      zin_angel, old_standard_altar, cheibrodos_ashenzari_chains,
          uniq_crazy_yiuf_cottage, uniq_jessica
